 Dungeon Crawl Stone Soup version 0.14-a0-3520-g290746a (webtiles) character file.

530 Kae the Firebug (level 6, -1/32 HPs)
             Began as a Tengu Fire Elementalist on Mar 27, 2014.
             Killed from afar by Natasha (3 damage)
             ... with a magic dart
             ... on Level 4 of the Dungeon.
             The game lasted 00:06:25 (4618 turns).

Kae the Firebug (Tengu Fire Elementalist)           Turns: 4618, Time: 00:06:26

HP  -1/32        AC  4     Str  8      XL: 6   Next: 77%
MP  15/15        EV 12     Int 17      God:
Gold 145         SH  0     Dex 15      Spells:  3 memorised,  5 levels left

rFire  . . .     SeeInvis .     s - +1 spear
rCold  . . .     Clarity  .     a - +0 robe
rNeg   . . .     Conserve .     (no shield)
rPois  .         rCorr    .     (helmet restricted)
rElec  .         rRot     .     z - +1 cloak
SustAb + .       Spirit   .     (no gloves)
rMut   +         Warding  .     (boots unavailable)
Saprov . . .     Stasis   .     q - amulet of resist mutation
MR     .....                    (no ring)
                                d - ring of sustain abilities

@: about to teleport, slowed, very slow, not resistant to hostile enchantments,
fairly stealthy
A: able to fly, beak, talons 3
a: Fly


You were on level 4 of the Dungeon.
You were hungry.

You visited 1 branch of the dungeon, and saw 4 of its levels.

You collected 145 gold pieces.

Inventory:

Hand weapons
 s - a +1,+1 spear (weapon)
Armour
 a - a +0 robe (worn)
 z - a +1 cloak (worn)
Magical devices
 w - a wand of fire (6)
Comestibles
 c - 2 bread rations
 g - 3 meat rations
 k - 4 chunks of orc flesh
Scrolls
 f - 7 scrolls of identify
 h - a scroll of remove curse
 i - a scroll of enchant armour
 j - a scroll of amnesia
 m - 2 scrolls of blinking
 o - 2 scrolls of enchant weapon I
 p - a scroll of teleportation
Jewellery
 d - a ring of sustain abilities (left hand)
 q - an amulet of resist mutation (around neck)
Potions
 e - 2 potions of brilliance
 l - 2 potions of heal wounds
 t - a potion of curing
Books
 b - a book of Flames

   Spells                             Type                      Level
   *Flame Tongue                      Conjuration/Fire             1
   *Throw Flame                       Conjuration/Fire             2
   *Conjure Flame                     Conjuration/Fire             3
   Inner Flame                        Hexes/Fire                   3
   Sticky Flame                       Conjuration/Fire             4
   Fireball                           Conjuration/Fire             5


   Skills:
 - Level 2.1 Dodging
 - Level 2.0 Stealth
 + Level 3.2 Spellcasting
 * Level 5.7 Conjurations
 * Level 5.7 Fire Magic


You had 5 spell levels left.
You knew the following spells:

 Your Spells              Type           Power        Failure   Level  Hunger
a - Flame Tongue          Conj/Fire      ###..        1%          1    None
b - Throw Flame           Conj/Fire      ###...       2%          2    ##.....
c - Conjure Flame         Conj/Fire      ###.....     6%          3    ###....


Dungeon Overview and Level Annotations

Branches:
Dungeon (4/15)
 Temple: D:4-7

Altars:

Annotations:
D:4 Natasha


Innate Abilities, Weirdness & Mutations

You can fly.
You have a beak for a mouth.
You have claws for feet.


Message History

The iguana barely misses you.
Natasha mewls in sadness.
The iguana bites you but does no damage.
There is an open door here.
Natasha completely misses you.
Drink which item? (? for menu, Esc to quit)
Okay, then.
Read which item? (? for menu, Esc to quit)
As you read the scroll of teleportation, it crumbles to dust.
You feel strangely unstable. Natasha casts a spell at you.
The magic dart hits you!
* * * LOW HITPOINT WARNING * * *
The crimson imp blinks!
Natasha stares at you and mumbles some strange words.
The magic dart hits you!
* * * LOW HITPOINT WARNING * * *
Natasha stares at you and mumbles some strange words.
The magic dart hits you!
You die...

,,........'......### *,,,, ,, ,,
,,...######......'.#***,,,,,,,,,,
,, ,,* #......#..,**,,,,,,,,,,
,,,,,* #...>..#* ,,' ,,,,,,,, ***
** ##'##### ****,,,,,,,,,, #.####
*********'* #....# * ####.#### ,*
#.@..# **, ##########h### *,,*
****** #.......5.l..# *,*
,,,,,***#.......5....# **,*
****,,,,+............# *,,*
*****#............# *,**
#######%###### *, #.%# *,* #.##
*,*


You could see Natasha.

Vanquished Creatures
  Edmund (D:4)
  A scorpion (D:4)
  A hound (D:3)
  An orc priest (D:4)
  Terence (D:3)
  7 adders
  5 giant geckos
  2 oozes
  7 orcs
  7 bats
  2 giant cockroaches
  7 goblins
  7 hobgoblins
  A quokka (D:3)
  7 giant newts
  3 jackals
  10 kobolds
  11 rats
81 creatures vanquished.

Notes
Turn   | Place    | Note
--------------------------------------------------------------
     0 | D:1      | Kae, the Tengu Fire Elementalist, began the quest for the Orb.
     0 | D:1      | Reached XP level 1. HP: 10/10 MP: 3/3
   265 | D:1      | Reached XP level 2. HP: 15/15 MP: 0/5
  1066 | D:2      | Reached XP level 3. HP: 17/19 MP: 5/7
  1095 | D:2      | Learned a level 2 spell: Throw Flame
  1099 | D:2      | Learned a level 3 spell: Conjure Flame
  1477 | D:2      | Reached skill level 4 in Fire Magic
  1727 | D:2      | Reached XP level 4. HP: 21/24 MP: 9/9
  1916 | D:3      | Paralysed by a potion of paralysis for 5 turns
  2209 | D:3      | Noticed Terence
  2332 | D:3      | Killed Terence
  3198 | D:3      | Reached XP level 5. HP: 28/28 MP: 6/11
  3835 | D:4      | Reached skill level 5 in Fire Magic
  4149 | D:4      | Noticed Edmund
  4155 | D:4      | Killed Edmund
  4155 | D:4      | Reached skill level 5 in Conjurations
  4155 | D:4      | Reached XP level 6. HP: 8/32 MP: 5/15
  4598 | D:4      | Noticed Natasha
  4618 | D:4      | Killed from afar by Natasha

Action                   |  1- 3 |  4- 6 || total
-------------------------+-------+-------++-------
Melee: Unarmed           |    70 |       ||    70
       Spear             |    28 |   121 ||   149
 Cast: Flame Tongue      |    34 |    54 ||    88
       Throw Flame       |       |     9 ||     9
       Conjure Flame     |       |     2 ||     2
Evoke: Wand              |       |     1 ||     1
  Use: Scroll            |     2 |    13 ||    15
       Potion            |     2 |     8 ||    10
 Stab: Sleeping          |     1 |     4 ||     5
       Invisible         |       |     3 ||     3
       Distracted        |       |     1 ||     1
